 Seeded DCSS version 0.28.0-45-g0d030f2227 (webtiles) character file.

Game seed: 20220414 (custom seed)

10 jessy the Caller (level 2, -3/15 HPs)
             Began as a Tengu Summoner on Apr 14, 2022.
             Slain by a kobold
             ... wielding a +0 short sword
              (5 damage)
             ... on level 1 of the Dungeon on Apr 18, 2022.
             The game lasted 00:03:09 (696 turns).

jessy the Caller (Tengu Summoner)                    Turns: 696, Time: 00:03:10

Health: -3/15      AC:  2    Str:  8    XL:     2   Next: 20%
Magic:  6/6        EV: 12    Int: 15    God:
Gold:   10         SH:  0    Dex: 14    Spells: 4/5 levels left

rFire   . . .      SeeInvis .   d - +0 dagger
rCold   . . .      Faith    .   (no shield)
rNeg    . . .      Spirit   .   a - +0 robe
rPois   .          Reflect  .   (helmet restricted)
rElec   .          Harm     .   (no cloak)
rCorr   .          Rampage  .   (no gloves)
Will    .....                   (boots unavailable)
Stlth   ++........              (no amulet)
HPRegen 0.05/turn               (no ring)
MPRegen 0.10/turn               (no ring)

@: no status effects
A: beak, talons 3
a: no special abilities


You were on level 1 of the Dungeon.
You visited 1 branch of the dungeon, and saw 1 of its levels.

You collected 10 gold pieces.

Inventory:

Hand Weapons
 d - a +0 dagger (weapon)
Missiles
 b - 25 stones (quivered)
Armour
 a - a +0 robe (worn)
 e - a +0 ring mail
Potions
 c - a potion of brilliance {unknown}


   Skills:
 + Level 2.2 Dodging
 + Level 2.0 Stealth
 + Level 2.1 Spellcasting
 + Level 5.3 Summonings


You had 4 spell levels left.
You knew the following spells:

 Your Spells              Type           Power      Damage    Failure   Level
a - Summon Small Mammal   Summ           68%        N/A       2%          1

Your spell library contained the following spells:

 Spells                   Type           Power      Damage    Failure   Level
 Call Imp                 Summ           17%        N/A       3%          2
 Call Canine Familiar     Summ           17%        N/A       8%          3
 Summon Guardian Golem    Hex/Summ       9%         N/A       22%         3
 Summon Lightning Spire   Summ/Air       9%         N/A       58%         4


Dungeon Overview and Level Annotations

Branches:
Dungeon (1/15)

Altars:


Innate Abilities, Weirdness & Mutations

You have a beak for a mouth.
You have claws for feet.


Message History

You see here a +0 ring mail.
The kobold hits you but does no damage.
You hit the bat. Your punch misses the bat.
The bat is moderately wounded.
The bat barely misses you. The kobold hits you but does no damage.
The bat closely misses you. The bat hits you but does no damage.
The kobold hits you with a +0 short sword.
* * * LOW HITPOINT WARNING * * *
You see here a +0 ring mail.
The kobold hits you but does no damage.
You barely miss the bat. Your kick misses the bat. Your peck misses the bat.
The bat is moderately wounded.
The bat hits you.
* * * LOW HITPOINT WARNING * * *
The kobold hits you but does no damage. The bat completely misses you.
The kobold barely misses you.
You see here a +0 ring mail.
e - a +0 ring mail The bat barely misses you.
The kobold barely misses you. The bat barely misses you.
The kobold barely misses you.
You start removing your armour.
You continue taking off your +0 robe.
The bat closely misses you.
The kobold hits you with a +0 short sword.
Keep disrobing? [Y]es or [N]o only, please.
Keep disrobing? [Y]es or [N]o only, please.
Keep disrobing? [Y]es or [N]o only, please.
Keep disrobing? [Y]es or [N]o only, please.
Keep disrobing? [Y]es or [N]o only, please.
Keep disrobing? [Y]es or [N]o only, please.
Keep disrobing? [Y]es or [N]o only, please.
Keep disrobing?
You stop removing your armour.
You die...

#######
######.....#
#....#.....#
#....#)....#
#....#.....#
#....#.....#
#...†#..b..#
#....@.....#
#....K.....#
#.....)....#
#..........#
##'###.....#
#.#########
#....#
##########
####.#
.........#
#.#
.........#


You could see a bat and a kobold.

Vanquished Creatures
  A ball python (D:1)
  A giant cockroach (D:1)
  A goblin (D:1)
  3 hobgoblins (D:1)
  A bat (D:1)
  A frilled lizard (D:1)
  A rat (D:1)
9 creatures vanquished.

Notes
Turn   | Place    | Note
-------+----------+-------------------------------------------
     0 | D:1      | jessy the Tengu Summoner began the quest for the Orb.
     0 | D:1      | Reached XP level 1. HP: 10/10 MP: 4/4
   119 | D:1      | Reached skill level 5 in Summonings
   432 | D:1      | Reached XP level 2. HP: 4/15 MP: 6/6
   696 | D:1      | Slain by a kobold

Illustrated notes

Levels and vault maps discovered:
D:1:      evilmike_arrival_rings, layout_basic, minmay_misc_feat_rugged

Skill      XL: |  1 |
---------------+----+-----
Summonings     | 5 |  5.3
Dodging        | |  2.2
Stealth        | |  2.0
Spellcasting   | |  2.1

Action                   || total
-------------------------++-------
Melee: Unarmed           ||    20
       Kick              ||    15
       Dagger            ||    21
       Peck              ||     4
       Punch             ||     1
 Cast: Summon Small Mamm ||     3
Armor: Robe              ||    17
Dodge: Dodged            ||    54
